 Dungeon Crawl Stone Soup version 0.30-a0-7-g94fe547ab8 (webtiles) character file.

Game seed: 17584350528423503742

25032 codl the Fighter (level 12, -11/106 HPs)
             Began as a Pale Draconian Transmuter on Aug 23, 2022.
             Was the Champion of Jiyva.
             Mangled by a naga warrior
             ... wielding a +0 glaive
              (27 damage)
             ... on level 1 of the Snake Pit.
             The game lasted 02:08:43 (12093 turns).

codl the Fighter (Pale Draconian Transmuter)       Turns: 12093, Time: 02:08:44

Health: -11/106    AC: 17    Str: 14    XL:     12   Next: 85%
Magic:  24/24      EV: 19    Int: 20    God:    Jiyva [******]
Gold:   688        SH:  5    Dex: 11    Spells: 16/28 levels left

rFire   + + +      SeeInvis .      - Unarmed
rCold   . . .      Faith    .    (no shield)
rNeg    . . .      Spirit   .    (body armour unavailable)
rPois   +          Reflect  +    (helmet restricted)
rElec   .          Harm     .    r - +2 cloak
rCorr   +          Rampage  .    F - +2 pair of gloves
Will    .....                    Q - +2 pair of boots of Sandy Awe {rPois}
Stlth   +++++.....               s - amulet of reflection
HPRegen 1.87/turn                E - +4 ring of evasion
MPRegen 0.69/turn                O - ring of poison resistance

@: short of breath, flying
A: breathe steam, AC +8, unfitting armour, cold-blooded, steam resistance, big
wings, clever 1, fire resistance 3, mutation resistance 2, sense surroundings 2,
wild magic 1, acidic bite, pseudopods 3, translucent skin 1, tendrils
a: Breathe Steam, Renounce Religion, Oozemancy, Slimify


You were on level 1 of the Snake Pit.
You worshipped Jiyva.
Jiyva was exalted by your worship.
You visited 4 branches of the dungeon, and saw 16 of its levels.
You also visited: Ossuary and Bailey.

You collected 724 gold pieces.
You spent 36 gold pieces at shops.

Inventory:

Hand Weapons
 C - a +1 sling of freezing
 I - a +2 falchion of flaming
 M - a +2 dagger of speed
 P - a +1 arbalest of flaming
 T - a +1 vorpal hand axe
 W - a +3 battleaxe
 X - a +2 great sword of electrocution
Missiles
 p - 31 poisoned darts
 v - 3 throwing nets
Armour
 b - a +1 cloak
 r - a +2 cloak (worn)
 F - a +2 pair of gloves (worn)
 Q - the +2 pair of boots of Sandy Awe (worn) {rPois}
   (You found it on level 7 of the Dungeon)

   rPois:     It protects you from poison.
Jewellery
 c - the ring of Ushaa {Fly rF+ Will+ Dex-5 SInv}
   (You found it on level 1 of the Lair of Beasts)

   [ring of flight]

   Dex:       It affects your dexterity (-5).
   rF:        It protects you from fire.
   SInv:      It lets you see invisible.
   Fly:       It grants you flight.
   Will:      It increases your willpower.
 s - an amulet of reflection (around neck)
 E - a +4 ring of evasion (left hand)
 O - a ring of poison resistance (right hand)
 Y - an amulet of the acrobat
Wands
 y - a wand of paralysis (4)
 A - a wand of digging (5)
 H - a wand of polymorph (11)
 L - a wand of flame (42)
Scrolls
 e - a scroll of blinking
 g - 9 scrolls of teleportation
 h - 8 scrolls of noise
 i - 3 scrolls of magic mapping
 j - 5 scrolls of poison
 k - 4 scrolls of butterflies
 l - 3 scrolls of immolation
 n - 6 scrolls of vulnerability
 u - 2 scrolls of summoning {unknown}
 w - 2 scrolls of torment {unknown}
 x - 2 scrolls of fear
 N - 2 scrolls of enchant weapon {unknown}
 R - a scroll of amnesia {unknown}
 S - 2 scrolls of brand weapon {unknown}
Potions
 a - a potion of lignification
 f - 2 potions of flight
 m - 2 potions of curing
 o - a potion of invisibility {unknown}
 q - 3 potions of mutation
 t - a potion of attraction {unknown}
 z - a potion of magic
 D - 3 potions of brilliance
 G - 3 potions of might
 J - 2 potions of cancellation
 K - a potion of resistance {unknown}
 V - a potion of ambrosia {unknown}
 Z - 2 potions of berserk rage


   Skills:
 + Level 10.0 Fighting
 + Level 8.6 Dodging
 + Level 8.9 Stealth
 + Level 9.5 Unarmed Combat
 + Level 8.6 Spellcasting
 + Level 2.2 Translocations
 - Level 9.0 Transmutations


You had 16 spell levels left.
You knew the following spells:

 Your Spells              Type           Power      Damage    Failure   Level
a - Beastly Appendage     Tmut           100%       N/A       1%          1
b - Wereblood             Tmut           55%        N/A       1%          2
c - Spider Form           Tmut/Pois      34%        N/A       6%          3
d - Blink                 Tloc           46%        N/A       8%          2
e - Ice Form              Ice/Tmut       34%        N/A       19%         4

Your spell library contained the following spells:

 Spells                   Type           Power      Damage    Failure   Level
 Gell's Gravitas          Tloc           23%        N/A       14%         3
 Lesser Beckoning         Tloc           23%        N/A       14%         3
 Teleport Other           Tloc           23%        N/A       14%         3
 Portal Projectile        Hex/Tloc       34%        N/A       22%         3
 Call Canine Familiar     Summ           11%        N/A       32%         3
 Summon Guardian Golem    Hex/Summ       11%        N/A       32%         3
 Leda's Liquefaction      Hex/Erth       5%         N/A       71%         4
 Manifold Assault         Tloc           23%        N/A       73%         5
 Summon Forest            Summ/Tloc      8%         N/A       86%         5
 Eringya's Noxious Bog    Tmut/Pois      17%        N/A       93%         6
 Orb of Destruction       Conj           5%         9d5       100%        7
 Spellforged Servitor     Conj/Summ      5%         N/A       100%        7
 Storm Form               Tmut/Air       17%        N/A       100%        7
 Summon Hydra             Summ           5%         N/A       100%        7


Dungeon Overview and Level Annotations

Branches:
Dungeon (11/15)            Temple (1/1) D:6            Lair (3/5) D:8
  Snake (1/4) Lair:3          Orc (0/2) D:11        Ossuary (visited)
 Bailey (visited)
  Swamp: Lair:2-3    Shoals: Lair:2-3

Altars:
Ashenzari
Cheibriados
Dithmenos
Elyvilon
Fedhas
Gozag
Hepliaklqana
Kikubaaqudgha
Makhleb
Nemelex Xobeh
Okawaru
Qazlal
Ru
Sif Muna
Trog
Uskayaw
Vehumet
Wu Jian
Xom
Yredelemnul
Zin
The Shining One
Jiyva

Shops:
D:1 ?   D:2 :

Portals:
Abyss: D:7

Annotations:
D:7 2 transporters, Oki's ghost, novice FeSu
D:11 1 runed translucent door, dunno567's ghost, journeyman FoAK
Lair:3 3 runed translucent doors, happy's ghost, journeyman MeWn


Innate Abilities, Weirdness & Mutations

You can breathe blasts of scalding, opaque steam.
Your pale cyan-grey scales are hard. (AC +8)
You cannot fit into any form of body armour.
You are cold-blooded and may be slowed by cold attacks.
You are immune to the effects of steam.
Your large and strong wings let you fly.
Your mind is acute. (Int +4, Str/Dex -1)
Your flesh is almost immune to the effects of heat. (rF+++)
You are somewhat resistant to both further mutation and mutation removal.
You passively map the area around you.
Your spells are a little harder to cast, but a little more powerful.
You have acidic saliva.
Armour fits poorly on your massive pseudopods.
Your translucent skin slightly reduces your foes' accuracy. (Stealth+)
You are covered in slimy tendrils that may disarm your opponents.


Message History

The black mamba closely misses you.
You are too injured to fight recklessly!
Aiming: Breathe Steam (1% risk of failure)
Press: ? - help, Q - select action, (/) - cycle Shift-Dir - straight line, f - naga warrior, p - naga sharpshooter
Aim: a naga warrior, wielding a +0 glaive and wearing a +1 robe of positive energy (ally target, 74% to hit)
You exhale a blast of scalding steam.
The ball of steam hits the black mamba!
The black mamba is severely wounded.
The ball of steam hits the naga warrior.
The naga warrior is lightly wounded.
The black mamba is engulfed in a cloud of scalding steam.
The black mamba completely misses you.
The naga warrior is engulfed in a cloud of scalding steam.
The naga warrior closely misses you.
You barely miss the black mamba. Your punch misses the black mamba.
Your bite misses the black mamba.
The black mamba is almost dead.
The black mamba is engulfed in a cloud of scalding steam.
You kill the black mamba!
The naga sharpshooter mumbles some strange words.
The naga sharpshooter magically shoots an arrow.
The arrow hits you!
* * * LOW HITPOINT WARNING * * *
Unknown command.
You hit the naga sharpshooter. You bludgeon the naga sharpshooter.
The naga sharpshooter is severely wounded.
You block the naga warrior's attack.
Your quicksilver ooze is engulfed in a cloud of scalding steam.
Your quicksilver ooze closely misses the naga warrior.
Your quicksilver ooze hits the naga warrior.
You completely miss the naga sharpshooter.
You tail-slap the naga sharpshooter. Your bite misses the naga sharpshooter.
The naga sharpshooter is severely wounded.
The naga sharpshooter shoots an arrow.
The arrow hits you!
* * * LOW HITPOINT WARNING * * *
Your quicksilver ooze is engulfed in a cloud of scalding steam.
Your quicksilver ooze hits the naga warrior!
Your quicksilver ooze barely misses the naga warrior.
The naga warrior is engulfed in a cloud of scalding steam.
The naga warrior hits you from afar with a +0 glaive!!
You die...

* #..###......# * #######
..# #.......#
#.....####..# #.......#
##...........# #.......#
##...........#*##.......#
...........# * #.S......#
...........## #........#
#...........####........#
............@JN........##
.............N§.§..§...#
#....##########........#
###### ##.......#
##......# ##.....# ######


You could see a naga warrior (ally target), a naga sharpshooter (strong) and a
friendly quicksilver ooze (summoned).

Vanquished Creatures
  A vault guard (Bailey)
  4 two-headed ogres
  The ghost of Vbesf the Grappler, a novice TrGl of Okawaru (D:9)
  2 sea snakes (Snake:1)
  Pikel (D:6)
  The ghost of hackon the Firebug, a novice HOCA of Beogh (D:9)
  An oklob plant (Lair:1)
  A cyclops (D:11)
  A black mamba (Snake:1)
  5 cane toads
  A rime drake (Lair:3)
  A komodo dragon (D:11)
  3 trolls
  A hornet (D:11)
  Prince Ribbit (Bailey)
  5 blink frogs (Lair:1)
  7 dream sheep (Lair:3)
  A shadow (D:9)
  2 vampires
  2 wraiths
  2 wyverns
  31 yaks
  6 humans (Bailey)
  A steam dragon (Lair:1)
  Menkaure (D:5)
  4 water moccasins
  4 orc warriors
  4 ice beasts
  A sky beast (D:7)
  2 ogres
  11 centaurs
  18 wolves
  A gnoll sergeant (D:8)
  16 bullfrogs
  3 necrophages
  2 scorpions
  8 wights
  10 killer bees
  3 electric eels (D:8)
  2 howler monkeys
  A human zombie (Ossuary)
  A gnoll bouda (D:8)
  7 orc priests
  Crazy Yiuf (D:2)
  2 hounds
  3 iguanas
  Natasha (thrice) (D:2)
  8 orc wizards
  5 mummies (Ossuary)
  Robin (D:3)
  11 gnolls
  6 adders
  A shadow imp (D:5)
  A white imp (D:7)
  3 ufetubi
  A worm (D:4)
  3 dart slugs
  38 orcs
  An endoplasm (D:1)
  A giant cockroach (D:1)
  7 hobgoblins
  6 jackals
  2 quokkas
  3 ball pythons
  3 frilled lizards
  2 gnoll zombies (Ossuary)
  27 goblins
  2 goblin zombies (Ossuary)
  2 hobgoblin zombies (Ossuary)
  4 kobolds
  An orc zombie (Ossuary)
  5 rats
334 creatures vanquished.

Vanquished Creatures (others)
  Sigmund (D:2)
  2 wolves (Lair:3)
  A scorpion (D:5)
  An electric eel (D:8)
  34 jellies
  2 orc priests (D:9)
  An iguana (D:6)
  An orc wizard (D:7)
  Terence (D:2)
  A gnoll (D:8)
  An adder (D:2)
  A white imp (D:8)
  A dart slug (D:2)
  5 orcs
  An endoplasm (D:3)
  A giant cockroach (D:4)
  A goblin (D:3)
  2 hobgoblins
  A kobold (D:3)
  A butterfly (Lair:2)
  19 fungi
  64 plants
  6 withered plants (D:9)
149 creatures vanquished.

Grand Total: 483 creatures vanquished

Notes
Turn   | Place    | Note
-------+----------+-------------------------------------------
     0 | D:1      | codl the Draconian Transmuter began the quest for the Orb.
     0 | D:1      | Reached XP level 1. HP: 16/16 MP: 3/3
    94 | D:1      | Reached XP level 2. HP: 22/23 MP: 3/5
    98 | D:1      | Learned a level 2 spell: Wereblood
   519 | D:1      | Found Ronnecumm's Magic Scroll Boutique.
   529 | D:1      | Bought a scroll of noise for 12 gold pieces
   529 | D:1      | Bought a scroll of identify for 24 gold pieces
   604 | D:1      | Found a faded altar of an unknown god.
   608 | D:1      | Prayed at the altar of an unknown god.
   608 | D:1      | Became a worshipper of Jiyva Jaotat the Shapeless
   608 | D:1      | Reached * piety under Jiyva
   869 | D:2      | Noticed Sigmund
   955 | D:2      | Noticed Terence
   969 | D:2      | Killed Terence
   985 | D:2      | Found Acuxy's Book Emporium.
   988 | D:3      | Found an opulent altar of Gozag.
   988 | D:3      | Found an ancient bone altar of Kikubaaqudgha.
   998 | D:2      | Reached ** piety under Jiyva
  1015 | D:2      | Noticed Natasha
  1024 | D:2      | Killed Natasha
  1025 | D:2      | Reached XP level 3. HP: 17/29 MP: 6/6
  1066 | D:2      | Noticed Natasha
  1077 | D:2      | Killed Natasha
  1078 | D:2      | Reached skill level 2 in Fighting
  1078 | D:2      | Reached XP level 4. HP: 30/36 MP: 5/7
  1109 | D:2      | Noticed Natasha
  1116 | D:2      | Killed Natasha
  1117 | D:2      | Reached skill level 1 in Stealth
  1312 | D:3      | Found a shimmering blue altar of Sif Muna.
  1333 | D:3      | Found a basalt altar of Yredelemnul.
  1334 | D:3      | Found a blossoming altar of Fedhas.
  1514 | D:2      | Found a runed translucent door.
  1515 | D:2      | Noticed Crazy Yiuf
  1527 | D:2      | Killed Crazy Yiuf
  1528 | D:2      | Reached XP level 5. HP: 38/42 MP: 7/9
  1554 | D:2      | Killed Sigmund
  1803 | D:4      | Noticed an ogre
  1854 | D:4      | Reached XP level 6. HP: 48/50 MP: 10/10
  1855 | D:4      | HP: 2/50 [ogre/+0 giant club (18)]
  1857 | D:4      | Reached skill level 3 in Fighting
  1957 | D:4      | Found an ornate altar of the Wu Jian Council.
  2090 | D:4      | Found a sand-covered staircase.
  2096 | Ossuary  | Entered an ossuary
  2320 | Ossuary  | Your scales start taking on a pale cyan-grey colour.
  2320 | Ossuary  | Reached XP level 7. HP: 55/57 MP: 10/12
  2320 | Ossuary  | Gained mutation: You are immune to the effects of steam.
                  | [Pale Draconian growth]
  2639 | D:3      | Reached *** piety under Jiyva
  2843 | D:3      | "aa
  2909 | D:3      | Noticed Robin
  2943 | D:3      | Killed Robin
  3181 | D:5      | Entered Level 5 of the Dungeon
  3671 | D:6      | Gained mutation: Armour fits poorly on your pseudopods.
                  | [Jiyva's grace]
  3671 | D:6      | Gained mutation: Armour fits poorly on your large
                  | pseudopods. [Jiyva's grace]
  3671 | D:6      | Gained mutation: Armour fits poorly on your massive
                  | pseudopods. [Jiyva's grace]
  3671 | D:6      | Gained mutation: You have a pair of large horns on your
                  | head. [Jiyva's grace]
  3677 | D:5      | Noticed Menkaure
  3727 | D:5      | Killed Menkaure
  3728 | D:5      | Reached skill level 4 in Fighting
  3881 | D:5      | Noticed a two-headed ogre
  3925 | D:5      | Reached XP level 8. HP: 65/66 MP: 13/13
  3944 | D:6      | Found a hazy altar of Hepliaklqana.
  4214 | D:5      | Reached **** piety under Jiyva
  4230 | D:5      | Learned a level 3 spell: Spider Form
  4380 | D:6      | Reached skill level 5 in Unarmed Combat
  4421 | D:6      | Found a staircase to the Ecumenical Temple.
  4431 | Temple   | Entered the Ecumenical Temple
  4587 | D:6      | Noticed a two-headed ogre
  4600 | D:6      | Killed a two-headed ogre
  4601 | D:6      | Reached skill level 5 in Fighting
  4601 | D:6      | Reached skill level 5 in Transmutations
  4601 | D:6      | Reached XP level 9. HP: 59/74 MP: 14/16
  4610 | D:6      | Noticed Pikel
  4684 | D:6      | Found a snail-covered altar of Cheibriados.
  4711 | D:6      | Killed Pikel
  4712 | D:6      | Reached skill level 5 in Dodging
  4712 | D:6      | Reached skill level 5 in Spellcasting
  5137 | D:7      | Found a transporter.
  5197 | D:7      | Found a one-way gate to the infinite horrors of the Abyss.
  5197 | D:7      | Noticed Oki's ghost (novice FeSu)
  5198 | D:7      | Noticed a sixfirhy
  5238 | D:7      | Found a transporter.
  5282 | D:7      | Reached skill level 5 in Stealth
  5598 | D:7      | Reached ***** piety under Jiyva
  5602 | D:7      | Reached skill level 6 in Fighting
  5842 | D:7      | Noticed a thrashing horror
  5915 | D:7      | Lost mutation: Armour fits poorly on your massive
                  | pseudopods. [Jiyva's grace]
  5915 | D:7      | Gained mutation: Your mind is acute. (Int +4, Str/Dex -1)
                  | [Jiyva's grace]
  5915 | D:7      | Gained mutation: Your mind is very acute. (Int +8, Str/Dex
                  | -2) [Jiyva's grace]
  5915 | D:7      | Gained mutation: You have supernaturally acute eyesight.
                  | (SInv) [Jiyva's grace]
  5915 | D:7      | Gained mutation: Your spells are a little harder to cast,
                  | but a little more powerful. [Jiyva's grace]
  5938 | D:7      | Identified the +2 pair of boots of Sandy Awe {rPois}
  6083 | D:8      | Noticed a troll
  6084 | D:8      | Noticed a troll
  6131 | D:8      | Found a radiant altar of Vehumet.
  6428 | D:9      | Reached XP level 10. HP: 47/84 MP: 18/18
  6770 | D:9      | Found a flagged portal.
  6788 | Bailey   | Entered a bailey
  6901 | Bailey   | Reached skill level 7 in Fighting
  6945 | Bailey   | Noticed a vault guard
  6945 | Bailey   | Noticed Prince Ribbit
  6954 | Bailey   | Killed Prince Ribbit
  6961 | Bailey   | Killed a vault guard
  6995 | Bailey   | Noticed a vault guard
  7240 | D:8      | Reached XP level 11. HP: 86/92 MP: 21/21
  7314 | D:9      | Found a runed translucent gate.
  7315 | D:9      | Found a runed translucent gate.
  7316 | D:9      | Found a runed translucent gate.
  7317 | D:9      | Noticed Vbesf's ghost (novice TrGl)
  7318 | D:9      | Noticed hackon's ghost (novice HOCA)
  7346 | D:10     | Entered Level 10 of the Dungeon
  7436 | D:8      | Found a staircase to the Lair.
  7701 | D:8      | Found a glowing golden altar of the Shining One.
  7701 | D:8      | Lost mutation: You have supernaturally acute eyesight.
                  | (SInv) [Jiyva's grace]
  7701 | D:8      | Lost mutation: Armour fits poorly on your large pseudopods.
                  | [Jiyva's grace]
  7701 | D:8      | Gained mutation: You have acidic saliva. [Jiyva's grace]
  7701 | D:8      | Gained mutation: You are somewhat resistant to further
                  | mutation. [Jiyva's grace]
  7701 | D:8      | Gained mutation: You are somewhat resistant to both further
                  | mutation and mutation removal. [Jiyva's grace]
  7701 | D:8      | Gained mutation: You are almost entirely resistant to
                  | further mutation and mutation removal. [Jiyva's grace]
  8051 | D:9      | Killed Vbesf's ghost
  8077 | D:9      | Killed hackon's ghost
  8078 | D:9      | Reached skill level 8 in Fighting
  8799 | D:10     | Noticed a two-headed ogre
  8824 | D:10     | Killed a two-headed ogre
  8861 | D:10     | Reached ****** piety under Jiyva
  8863 | D:10     | Found a glowing silver altar of Zin.
  9168 | D:10     | Lost mutation: You have a pair of small horns on your head.
                  | [Jiyva's grace]
  9168 | D:10     | Gained mutation: You are covered in slimy tendrils that may
                  | disarm your opponents. [Jiyva's grace]
  9168 | D:10     | Gained mutation: You passively map a small area around you.
                  | [Jiyva's grace]
  9168 | D:10     | Gained mutation: You passively map the area around you.
                  | [Jiyva's grace]
  9168 | D:10     | Gained mutation: You passively map a large area around you.
                  | [Jiyva's grace]
  9470 | D:11     | Found a staircase to the Orcish Mines.
  9515 | D:11     | Noticed dunno567's ghost (journeyman FoAK)
  9518 | D:11     | Found a runed translucent door.
  9593 | D:11     | Noticed a two-headed ogre
  9693 | D:11     | Killed a two-headed ogre
 10063 | D:11     | Noticed a two-headed ogre
 10078 | D:11     | Killed a two-headed ogre
 10137 | Lair:1   | Entered Level 1 of the Lair of Beasts
 10245 | Lair:1   | Identified the +7 spear of the Purple Skies {freeze, rElec
                  | rC- Dex+3}
 10318 | Lair:1   | Reached XP level 12. HP: 103/103 MP: 23/23
 10393 | Lair:1   | Reached skill level 9 in Fighting
 10419 | Lair:1   | Lost mutation: You passively map a large area around you.
                  | [Jiyva's grace]
 10419 | Lair:1   | Gained mutation: Your flesh is heat resistant. (rF+)
                  | [Jiyva's grace]
 10419 | Lair:1   | Gained mutation: Your flesh is very heat resistant. (rF++)
                  | [Jiyva's grace]
 10419 | Lair:1   | Gained mutation: Your flesh is almost immune to the effects
                  | of heat. (rF+++) [Jiyva's grace]
 10419 | Lair:1   | Gained mutation: You possess an exceptional clarity of
                  | mind. [Jiyva's grace]
 10614 | Lair:1   | Identified the +1 plate armour of Uskayaw's Reproof {Dex+4}
 10709 | Lair:1   | Identified the ring of Ushaa {Fly rF+ Will+ Dex-5 SInv}
 11258 | Lair:2   | Learned a level 2 spell: Blink
 11263 | Lair:2   | Learned a level 4 spell: Ice Form
 11716 | Lair:3   | Reached skill level 1 in Translocations
 11765 | Lair:3   | Found a runed translucent gate.
 11766 | Lair:3   | Found a runed translucent gate.
 11767 | Lair:3   | Found a runed translucent gate.
 11768 | Lair:3   | Noticed happy's ghost (journeyman MeWn)
 11768 | Lair:3   | Noticed a 12-headed hydra
 11853 | Lair:3   | Found a staircase to the Snake Pit.
 11862 | Snake:1  | Entered Level 1 of the Snake Pit
 11983 | Snake:1  | Reached skill level 10 in Fighting
 12006 | Snake:1  | Noticed a naga warrior
 12037 | Snake:1  | Lost mutation: You possess an exceptional clarity of mind.
                  | [Jiyva's grace]
 12037 | Snake:1  | Lost mutation: Your mind is very acute. (Int +8, Str/Dex
                  | -2) [Jiyva's grace]
 12037 | Snake:1  | Lost mutation: You are almost entirely resistant to further
                  | mutation and mutation removal. [Jiyva's grace]
 12037 | Snake:1  | Gained mutation: Your large and strong wings let you fly.
                  | [Jiyva's grace]
 12037 | Snake:1  | Gained mutation: Armour fits poorly on your large
                  | pseudopods. [Jiyva's grace]
 12037 | Snake:1  | Gained mutation: Armour fits poorly on your massive
                  | pseudopods. [Jiyva's grace]
 12037 | Snake:1  | Gained mutation: Your translucent skin slightly reduces
                  | your foes' accuracy. (Stealth+) [Jiyva's grace]
 12042 | Snake:1  | Noticed a naga warrior
 12093 | Snake:1  | Mangled by a naga warrior

Illustrated notes ########### ### #...'.g..gg ≈≈# #..@g.ggggg

≈≈# #...#...g.g
####≈≈#
#...##########...≈≈#
#............#...≈≈#
#...........)#...≈≈#
##'##.....##'##..≈≈#
#.. #.....#...#..≈≈#
#.. #.....#...#.)≈≈#
#.. #.....#...#.)≈≈#


Turn 2843 on D:3: aa

Levels and vault maps discovered:
D:1:      erik_arrival_blinker_ship, layout_rooms, serial_shops, shop,
          hellmonk_ecumenical_altar_leap_of_faith
D:2:      layout_basic, serial_shops, shop_statue, kennysheep_cluttered_room,
          uniq_sigmund, uniq_crazy_yiuf_cottage, uniq_natasha, uniq_terence
D:3:      kennysheep_goblin_castle, layout_loops_ring,
          chequers_temple_overflow_statue_of_worship, lemuel_blue_sif_altar
D:4:      layout_rooms, mainiacjoe_overflow_paths, nicolae_ossuary_entry_plus,
          minmay_misc_feat_hallway
D:5:      dreamdust_elfheim, layout_loops_ring, serial_bayou,
          serial_bayou_lagoon_a, serial_bayou_pond_c, serial_bayou_lake_a,
          serial_bayou_shore_a, serial_bayou_lagoon_b, uniq_menkaure
D:6:      layout_layer_cave, nicolae_overflow_crystal_walls,
          mainiacjoe_overflow_boulevard, minmay_temple_entry_purple_smoke,
          uniq_pikel
D:7:      layout_loops_cross, gammafunk_ghost_abyssal_escape
D:8:      layout_basic, nicolae_vehumet_radiance,
          nicolae_tso_swordbearing_angel, erik_lair_island, water_boxes_lemuel
D:9:      layout_stronghold, gammafunk_ghost_cemetery, enter_bailey_3
D:10:     layout_irregular_city, old_standard_altar
D:11:     layout_irregular_city, minmay_orc_entry_temple_small,
          hellmonk_ghost_happy_afterlife
Temple:   nicolae_temple_bog_church
Lair:1:   layout_roguey, minmay_lair_oklob_bushes,
          chequers_serial_rivers_micro_e
Lair:2:   layout_regular_city, minmay_shoals_entry_centaurs,
          nicolae_lair_grove_arrangements, lemuel_fruit_fields,
          infiniplex_staircase_pool_2, uniq_amaemon
Lair:3:   beast_lair_carwin_large_4, layout_gridlike,
          gammafunk_ghost_hydra_chop, dreamdust_gnoll_shepherd,
          infiniplex_staircase_pool
Snake:1:  layout_onion_interference, serial_bayou_ford_a, serial_bayou_pond_a,
          nicolae_snake_gridmaze_waves, minmay_shop_star

Skill      XL: |  1  2  3  4  5  6  7  8  9 10 11 12 |
---------------+-------------------------------------+-----
Dodging        | 2 3 4 5 6 7 8 |  8.6
Fighting       | 2 3 4 5 6 7 8 10 | 10.0
Stealth        | 1 2 3 4 5 6 7 8 |  8.9
Transmutations | 3 4 5 6 7 8 9 |  9.0
Spellcasting   | 3 4 5 6 7 8 |  8.6
Unarmed Combat | 4 5 6 7 8 9 |  9.5
Translocations | 2 |  2.2

Action                   |  1- 3 |  4- 6 |  7- 9 | 10-12 || total
-------------------------+-------+-------+-------+-------++-------
Melee: Unarmed           |    56 |   145 |   215 |   560 ||   976
       Kick              |    16 |    46 |    46 |   103 ||   211
       Headbutt          |     7 |    28 |    32 |    85 ||   152
       Tailslap          |     3 |    15 |    23 |    61 ||   102
       Punch             |       |     5 |     9 |    25 ||    39
       Pseudopods        |       |       |    17 |   109 ||   126
       Bite              |       |       |       |    34 ||    34
 Cast: Beastly Appendage |    25 |    28 |    49 |    39 ||   141
       Wereblood         |       |     1 |       |     1 ||     2
       Spider Form       |       |       |       |     1 ||     1
Invok: Oozemancy         |       |       |     1 |       ||     1
       Slimify           |       |       |       |     1 ||     1
 Abil: Breathe Steam     |       |       |    50 |   139 ||   189
       End Transformatio |       |       |       |     2 ||     2
Evoke: Wand              |       |       |       |     1 ||     1
  Use: Scroll            |     3 |       |     7 |     6 ||    16
       Potion            |       |       |       |    10 ||    10
 Stab: Sleeping          |       |     1 |       |     4 ||     5
       Confused          |       |       |     2 |       ||     2
Armor: Skin              |     9 |    39 |    68 |   209 ||   325
Dodge: Dodged            |    31 |    69 |   157 |   398 ||   655
Block: Other             |       |       |     6 |   143 ||   149
       Reflection        |       |       |       |    10 ||    10

Table legend: (Time is in decaauts)
 A = Elapsed time spent in this place.
 B = Non-inter-level travel time spent in this place.
 C = Inter-level travel time spent in this place.
 D = Time resting spent in this place.
 E = Time spent auto-exploring this place.
 F = Levels seen in this place.
 G = Mean time per level.
                   A        B        C        D        E       F      G
               +--------+--------+--------+--------+--------+-----+--------+
         Total |  12044 |  11440 |    604 |    222 |   6096 |  18 |  669.1 |
       Dungeon |   9567 |   8998 |    569 |    167 |   5083 |  11 |  869.7 |
        Temple |    147 |    147 |      0 |      0 |    121 |   1 |  147.0 |
          Lair |   1598 |   1563 |     35 |     27 |    816 |   3 |  532.7 |
     Snake Pit |    224 |    224 |      0 |      0 |     53 |   1 |  224.0 |
       Ossuary |    292 |    292 |      0 |     28 |     22 |   1 |  292.0 |
        Bailey |    213 |    213 |      0 |      0 |      0 |   1 |  213.0 |
               +--------+--------+--------+--------+--------+-----+--------+

Top non-repeatable levels by time:
     D:9: 1223 daAuts
     D:8: 1197 daAuts
     D:3: 1057 daAuts
     D:6: 1034 daAuts
     D:5: 929 daAuts
  Lair:1: 766 daAuts
     D:2: 748 daAuts
    D:11: 732 daAuts
    D:10: 724 daAuts
     D:1: 689 daAuts
     D:7: 641 daAuts
     D:4: 588 daAuts
  Lair:3: 458 daAuts
  Lair:2: 373 daAuts
 Ossuary: 292 daAuts

Table legend:
 A = Kills in this place as a percentage of kills in entire the game.
 B = Kills by you in this place as a percentage of kills by you in the entire game.
 C = Kills by friends in this place as a percentage of kills by friends in the entire game.
 D = Other kills in this place as a percentage of other kills in the entire game.
 E = Experience gained in this place as a percentage of experience gained in the entire game.
 F = Experience gained in this place divided by the number of levels of this place that you have seen.
                   A       B       C       D       E      F
               +-------+-------+-------+-------+-------+----------------------
         Total | 100.0 | 100.0 |   N/A |   N/A | 100.0 | 1986.7
       Dungeon |  69.5 |  69.5 |   N/A |   N/A |  51.2 | 1663.3
          Lair |  18.6 |  18.6 |   N/A |   N/A |  34.8 | 4147.0
     Snake Pit |   0.9 |   0.9 |   N/A |   N/A |   5.3 | 1906.0
       Ossuary |   3.9 |   3.9 |   N/A |   N/A |   0.4 | 138.0
        Bailey |   7.2 |   7.2 |   N/A |   N/A |   8.3 | 2980.0
               +-------+-------+-------+-------+-------+----------------------
